 Dungeon Crawl Stone Soup version 0.30.1-4-g462c640d31 (webtiles) character file.

Game seed: 2147169430825048634

1346 Kurtz the Cleaver (level 8, -1/46 HPs)
             Began as a Tengu Fighter on Sept 18, 2023.
             Was a Follower of Okawaru.
             Killed by an exploding unseen horror (17 damage)
             ... ignited by their inner flame
             ... on level 5 of the Dungeon.
             The game lasted 00:06:33 (5029 turns).

Kurtz the Cleaver (Tengu Fighter)                   Turns: 5029, Time: 00:06:36

Health: -1/46      AC: 10    Str: 18    XL:     8   Next: 62%
Magic:  9/9        EV:  8    Int: 10    God:    Okawaru [*.....]
Gold:   221        SH:  9    Dex: 13    Spells: 7/7 levels left

rFire   . . .        a - +0 war axe
rCold   . . .        c - +0 buckler
rNeg    . . .        E - +0 chain mail
rPois   .            (helmet restricted)
rElec   .            o - +0 cloak
rCorr   +            (no gloves)
SInv    .            (boots unavailable)
Will    +....        k - amulet of reflection Stlth
                     j - ring of willpower
HPRegen 0.27/turn    s - ring of resist corrosion
MPRegen 0.11/turn

%: reflection
@: mighty, flying quickly and evasively, quick
A: beak, talons 3, nimble flight
a: Renounce Religion, Heroism


You were on level 5 of the Dungeon.
You worshipped Okawaru.
Okawaru was aware of your devotion.
You visited 1 branch of the dungeon, and saw 5 of its levels.
You also visited: Sewer.

You collected 221 gold pieces.

Inventory:

Hand Weapons
 a - a +0 war axe (weapon)
Missiles
 b - 6 silver javelins
 f - 23 poisoned darts (quivered)
 v - 3 curare-tipped darts
Armour
 c - a +0 buckler (worn)
 o - a +0 cloak (worn)
 E - a +0 chain mail (worn)
Jewellery
 j - a ring of willpower (left hand)
 k - an amulet of reflection (around neck)
 s - a ring of resist corrosion (right hand)
 y - an amulet of regeneration
 B - an amulet of guardian spirit
Wands
 q - a wand of roots (8)
 x - a wand of charming (2)
 C - a wand of flame (3)
Scrolls
 e - 5 scrolls of identify
 h - 2 scrolls of summoning {unknown}
 i - 3 scrolls of teleportation {unknown}
 l - 2 scrolls of enchant armour {unknown}
 n - a scroll of poison {unknown}
 p - 2 scrolls of fear {unknown}
 w - a scroll of fog {unknown}
 z - a scroll of vulnerability {unknown}
 D - a scroll of amnesia {unknown}
 G - a scroll of torment {unknown}
 H - a scroll of enchant weapon {unknown}
Potions
 m - 4 potions of curing {unknown}
 r - 2 potions of lignification {unknown}
 t - 2 potions of haste {unknown}
 u - a potion of heal wounds {unknown}
 A - a potion of resistance {unknown}
 F - a potion of flight {unknown}


   Skills:
 * Level 3.0 Fighting
 * Level 11.3 Axes
 * Level 3.3 Armour
 * Level 0.1 Dodging
 - Level 3.0 Shields
 * Level 0.1 Invocations


You had 7 spell levels left.
You didn't know any spells.
Your spell library contained the following spells:

 Spells                   Type           Power      Damage    Failure   Level
 Foxfire                  Conj/Fire      0%         2x1d4     99%         1
 Magic Dart               Conj           0%         1d3       99%         1
 Mephitic Cloud           Conj/Pois/Air  0%         N/A       100%        3
 Volatile Blastmotes      Fire/Tloc      0%         2d10      100%        3
 Fulminant Prism          Conj/Hex       0%         3d5       100%        4
 Iskenderun's Mystic Bla  Conj/Tloc      0%         2d3       100%        4
 Fireball                 Conj/Fire      0%         3d3       100%        5
 Lee's Rapid Deconstruct  Erth           0%         3d4*      100%        5
 Plasma Beam              Fire/Air       0%         2x1d11    100%        6
 Starburst                Conj/Fire      0%         6d3       100%        6
 Call Imp                 Summ           Unusable   N/A       N/A         2

Dungeon Overview and Level Annotations

Branches:
Dungeon (5/15)             Temple (0/1) D:5           Sewer (visited)

Altars:
Okawaru
Ru

Shops:
D:3 *

Annotations:
D:2 Sigmund


Innate Abilities, Weirdness & Mutations

You have a beak for a mouth.
You have claws for feet.
Your magical nature lets you fly swiftly and evasively.


Message History

Something hits you but does no damage.
You miss something. Something hits you.
You hit something. You block something's attack.
You swing at nothing.
You block something's attack.
You hit something but do no damage. You claw something.
Something hits you but does no damage. Something hits you but does no damage.
You hit something. Your kick misses something. Something hits you.
Aiming: Fastroot
Press: ? - help, Shift-Dir - straight line The roots erupt in riotous growth!
Something hits you but does no damage.
You closely miss something. Something hits you but does no damage.
Something hits you.
You feel very mighty all of a sudden. Something hits you but does no damage.
Something hits you. Something hits you but does no damage.
You block something's attack. Something hits you.
You miss something. You peck something. Something hits you!
Something completely misses you.
As you read the scroll labelled KAUKOSCH WYSK, it crumbles to dust.
The creatures around you are filled with an inner flame!
It was a scroll of immolation.
Something hits you but does no damage. Something completely misses you.
You slice something!!
Flame seeps out of something.
Your kick misses something. Your peck misses something.
Flame seeps out of something.
Something hits you but does no damage.
Flame seeps out of something.
Unknown command.
Something hits you but does no damage. x2
You miss something. Your kick misses something. Your peck misses something.
You block something's attack.
You start resting.
There is a strange disturbance nearby!
You hit something.
Flame seeps out of something.
You peck something. Okawaru is honoured by your kill.
You can now gain great but temporary skills.
Reactivating autopickup.
You feel a bit more experienced.
The unseen horror explodes!
The fiery explosion engulfs you!
You die...

##### #@○.# ###
#######§# #..
........# #
#.#########.# #
#.....#####.##.### #
#.................. #
#.....#####.##.#####.#
########.....#
#.##.### #.#
##....##.##### #.##...
...


There were no monsters in sight!

Vanquished Creatures
  An unseen horror (D:5)
  An orc warrior (D:4)
  A black bear (D:5)
  A phantom (D:5)
  7 kobold brigands (Sewer)
  2 scorpions (D:5)
  3 hounds
  A jelly (D:5)
  Jessica (D:2)
  2 iguanas (D:5)
  3 orc wizards
  Robin (D:2)
  8 adders
  2 river rats
  2 ufetubi
  3 worms
  16 orcs
  8 endoplasms
  2 giant cockroaches
  15 goblins
  5 hobgoblins
  6 jackals
  7 kobolds
  8 ball pythons
  2 bats
  14 frilled lizards (D:2)
  6 rats
128 creatures vanquished.

Vanquished Creatures (collateral kills)
  An orc priest (D:4)
  An orc (D:4)
  A goblin (D:4)
3 creatures vanquished.

Grand Total: 131 creatures vanquished

Notes
Turn   | Place    | Note
-------+----------+-------------------------------------------
     0 | D:1      | Kurtz the Tengu Fighter began the quest for the Orb.
     0 | D:1      | Reached XP level 1. HP: 14/14 MP: 2/2
    74 | D:1      | Reached skill level 3 in Axes
    74 | D:1      | Reached XP level 2. HP: 19/19 MP: 3/3
   839 | D:2      | Noticed Robin
   847 | D:2      | Reached XP level 3. HP: 18/23 MP: 4/4
   854 | D:2      | Killed Robin
   855 | D:2      | Reached skill level 4 in Axes
  1178 | D:2      | Noticed Jessica
  1187 | D:2      | Killed Jessica
  1188 | D:2      | Reached XP level 4. HP: 12/28 MP: 5/5
  1191 | D:2      | Reached skill level 5 in Axes
  1428 | D:2      | Noticed Sigmund
  1462 | D:3      | Gained mutation: Your magical nature lets you fly swiftly
                  | and evasively. [Tengu growth]
  1462 | D:3      | Reached XP level 5. HP: 14/32 MP: 6/6
  1538 | D:3      | Reached skill level 6 in Axes
  1632 | D:3      | Found Jyxaavex's Assorted Antiques.
  1663 | D:3      | Found a faded altar of an unknown god.
  1667 | D:3      | Found a glowing drain.
  1678 | Sewer    | Entered a sewer
  1701 | Sewer    | Noticed a kobold brigand
  1712 | Sewer    | Killed a kobold brigand
  1713 | Sewer    | Reached XP level 6. HP: 36/37 MP: 7/7
  1771 | Sewer    | Reached skill level 7 in Axes
  2059 | Sewer    | Reached skill level 8 in Axes
  2059 | Sewer    | Reached XP level 7. HP: 38/41 MP: 8/8
  2232 | Sewer    | Reached skill level 9 in Axes
  2969 | D:3      | Found a faded altar of an unknown god.
  2973 | D:3      | Found a sacrificial altar of Ru.
  3363 | D:4      | Reached XP level 8. HP: 15/46 MP: 9/9
  3542 | D:4      | Reached skill level 10 in Axes
  4084 | D:5      | Entered Level 5 of the Dungeon
  4357 | D:5      | Found an iron altar of Okawaru.
  4363 | D:5      | Became a worshipper of Warmaster Okawaru
  4678 | D:5      | Reached skill level 11 in Axes
  4694 | D:5      | Found a staircase to the Ecumenical Temple.
  5029 | D:5      | Killed an unseen horror
  5029 | D:5      | Reached * piety under Okawaru
  5029 | D:5      | Killed by an exploding unseen horror... ignited by their
                  | inner flame

Illustrated notes

Levels and vault maps discovered:
D:1:      dpeg_arrival_brainrot, layout_loops_ring
D:2:      layout_loops_cross, minmay_lizard_king, uniq_sigmund, uniq_jessica,
          uniq_robin
D:3:      layout_loops_cross, nicolae_overflow_ecumenical_swirl,
          basic_ecumenical_altar, serial_shops, nicolae_shop_advertising_works
          [nicolae_subvault_shop_adworks], portal_sewer_entry_a,
          kennysheep_small_spiral
D:4:      layout_loops_ring
D:5:      layout_basic, mainiacjoe_overflow_tiny_flanked,
          minmay_temple_entry_hall, minmay_liquid_box, eino_tiny_chamber

Skill      XL: |  1  2  3  4  5  6  7  8 |
---------------+-------------------------+-----
Axes           | 3 4 5 6 8 9 11 | 11.3
Fighting       | |  3.0
Armour         | |  3.3
Dodging        | |  0.1
Shields        | |  3.0
Invocations    | |  0.1

Action                     |  1- 3 |  4- 6 |  7- 9 || total
---------------------------+-------+-------+-------++-------
  Melee: War axe           |    58 |   124 |   142 ||   324
         Peck              |     8 |     9 |    26 ||    43
         Kick              |    12 |    23 |    33 ||    68
  Throw: Dart              |       |       |     3 ||     3
  Evoke: Wand              |       |       |     6 ||     6
    Use: Potion            |       |     1 |     1 ||     2
         Scroll            |       |     2 |     1 ||     3
 Armour: Scale mail        |    11 |       |       ||    11
         Chain mail        |    11 |    54 |    53 ||   118
  Dodge: Dodged            |    16 |    30 |    38 ||    84
  Block: Buckler           |    21 |    46 |    56 ||   123
         Reflection        |     1 |     1 |       ||     2
